 Dungeon Crawl Stone Soup version 0.27-a0-1071-ga85bd9520d (console) character file.

Game seed: 5596419428969308880

99 nht the Stinger (level 4, 20/30 HPs)
             Began as a Demonspawn Venom Mage on Apr 24, 2021.
             Quit the game on level 2 of the Dungeon.
             The game lasted 00:03:20 (2683 turns).

nht the Stinger (Demonspawn Venom Mage)             Turns: 2683, Time: 00:03:21

Health: 20/30      AC: 10    Str:  9    XL:     4   Next: 45%
Magic:  4/7        EV: 27    Int: 17    God:
Gold:   76         SH:  4    Dex: 13    Spells: 6/7 levels left

rFire    . . .     SeeInvis .   d - +0 short sword
rCold    . . .     Faith    .   (no shield)
rNeg     . . .     Spirit   .   a - +0 robe
rPois    .         Reflect  .   (no helmet)
rElec    .         Harm     .   h - +0 cloak
rCorr    .         Rampage  .   g - +0 pair of gloves
Will     .....                  (no boots)
Stlth    ++........             f - amulet of the acrobat
HPRegen  0.10/turn              (no ring)
MPRegen  0.10/turn              (no ring)

@: sanguine armoured, acrobatic
A: talons 1, sanguine armour 1, condensation shield
a: no special abilities


You were on level 2 of the Dungeon.
You visited 1 branch of the dungeon, and saw 2 of its levels.

You collected 76 gold pieces.

Inventory:

Hand Weapons
 b - a +0 dagger
 d - a +0 short sword (weapon)
Armour
 a - a +0 robe (worn)
 g - a +0 pair of gloves (worn)
 h - a +0 cloak (worn)
Jewellery
 f - an amulet of the acrobat (around neck)
Potions
 c - 3 potions of heal wounds {unknown}
 e - 2 potions of curing {unknown}
 k - a potion of mutation {unknown}


   Skills:
 - Level 1.7 Dodging
 - Level 1.7 Stealth
 - Level 2.0 Spellcasting
 - Level 0.8 Transmutations
 + Level 5.3 Poison Magic


You had 6 spell levels left.
You knew the following spells:

 Your Spells              Type           Power      Damage    Failure   Level
a - Sting                 Tmut/Pois      48%        1d5       5%          1

Your spell library contained the following spells:

 Spells                   Type           Power      Damage    Failure   Level
 Poisonous Vapours        Pois/Air       20%        N/A       10%         2
 Olgreb's Toxic Radiance  Pois           19%        N/A       22%         4
 Ignite Poison            Fire/Tmut/Pois 8%         N/A       26%         3
 Mephitic Cloud           Conj/Pois/Air  7%         N/A       28%         3


Dungeon Overview and Level Annotations

Branches:
Dungeon (2/15)

Altars:

Shops:
D:1 *

Annotations:
D:2 exclusion: zombie


Innate Abilities, Weirdness & Mutations

You have sharp toenails.
When seriously injured, your bleeding wounds create armour. (AC +6)
A meltable shield of frost defends you. (SH +4)


Message History

Your blood congeals into armour.
Your magical contamination has completely faded away.
Your surroundings suddenly seem different.
You feel your willpower return.
Your blood armour dries and flakes away.
There is an open door here.
There is an open door here.
An orc is nearby!
An orc is nearby!
The orc shouts! x2
You miscast Sting.
You are very lightly contaminated with residual magic.
Nothing appears to happen.
The orc hits you from afar with a +0 trident.
The sting misses the orc.
The sting hits the orc.
The orc is poisoned.
The orc is severely wounded.
The orc hits you from afar with a +0 trident.
You kill the orc!
You miscast Sting.
Nothing appears to happen.
The orc hits you with a +0 short sword.
The sting hits the orc.
The orc is poisoned.
The orc is moderately wounded.
The orc hits you with a +0 short sword.
Your blood congeals into armour.
The sting hits the orc but does no damage.
The orc looks even sicker.
The orc is heavily wounded.
The orc hits you with a +0 short sword.
The sting hits the orc.
The orc looks even sicker.
You kill the orc!
The sting hits the orc.
The orc is poisoned.
The orc is almost dead.
You kill the orc!
Your magical contamination has completely faded away.
A goblin comes into view.
It is wielding a +0 dagger and quivering poisoned darts.
A goblin is nearby!
Items here: )) [ †.
You can't see any susceptible monsters within range! (Use Z to cast anyway.)
You can't see any susceptible monsters within range! (Use Z to cast anyway.)
The goblin shouts!
Are you sure you want to abandon this character and quit the game? (Confirm with "yes".)

█.█ █......█.█ █.█
█........█ █.█ ██..██.███
█.█ █..██.█ ██.█ █.....█ .
██..██ ██.█.██
....████..?.█████████....███
....')).....)...............
....████...@█████████....███
. █████g█.███ █.......█
█......)..█ █.██.██.█
█.......█.█ █.██.██.██
█.......█.█ █.██.÷...█
█....:..█ █ █........█
█.......█ ████████.█
█........ █.█ █.......█ █.█


You could see a goblin.

Vanquished Creatures
  An orc priest (D:2)
  3 adders (D:2)
  2 worms (D:2)
  4 orcs (D:2)
  3 ball pythons (D:1)
  A bat (D:2)
  An endoplasm (D:1)
  3 giant cockroaches
  2 hobgoblins
  3 jackals (D:1)
  A quokka (D:2)
  4 kobolds
  3 rats
31 creatures vanquished.

Notes
Turn   | Place    | Note
-------+----------+-------------------------------------------
     0 | D:1      | nht the Demonspawn Venom Mage began the quest for the Orb.
     0 | D:1      | Reached XP level 1. HP: 13/13 MP: 3/3
   570 | D:1      | Gained mutation: You have sharp toenails. [demonic
                  | ancestry]
   570 | D:1      | Reached XP level 2. HP: 8/19 MP: 0/5
   752 | D:1      | Found Ixolun's Assorted Antiques.
  1608 | D:2      | Reached skill level 4 in Poison Magic
  1608 | D:2      | Gained mutation: A meltable shield of frost defends you.
                  | (SH +4) [demonic ancestry]
  1608 | D:2      | Reached XP level 3. HP: 12/24 MP: 0/6
  2429 | D:2      | Reached skill level 5 in Poison Magic
  2429 | D:2      | Gained mutation: When seriously injured, your bleeding
                  | wounds create armour. (AC +6) [demonic ancestry]
  2429 | D:2      | Reached XP level 4. HP: 15/30 MP: 0/7
  2683 | D:2      | Quit the game

Illustrated notes

Levels and vault maps discovered:
D:1:      dpeg_arrival_orchard, layout_loops_ring, serial_shops,
          nicolae_shop_stone
D:2:      layout_loops_corners

Skill      XL: |  1  2  3 |
---------------+----------+-----
Poison Magic   | 4 5 |  5.3
Dodging        | |  1.7
Stealth        | |  1.7
Spellcasting   | |  2.0
Transmutations | |  0.8

Action                   |  1- 3 |  4- 6 || total
-------------------------+-------+-------++-------
Melee: Short sword       |    28 |       ||    28
       Dagger            |     1 |       ||     1
       Kick              |     2 |       ||     2
 Cast: Sting             |    60 |     5 ||    65
  Use: Scroll            |     1 |     1 ||     2
 Stab: Sleeping          |     1 |       ||     1
Armor: Robe              |     8 |       ||     8
Dodge: Dodged            |    45 |       ||    45
Block: Other             |     1 |       ||     1

Table legend: (Time is in decaauts)
 A = Elapsed time spent in this place.
 B = Non-inter-level travel time spent in this place.
 C = Inter-level travel time spent in this place.
 D = Time resting spent in this place.
 E = Time spent auto-exploring this place.
 F = Levels seen in this place.
 G = Mean time per level.
                   A        B        C        D        E       F      G
               +--------+--------+--------+--------+--------+-----+--------+
         Total |   2685 |   2645 |     40 |      0 |   2379 |   2 | 1342.5 |
       Dungeon |   2685 |   2645 |     40 |      0 |   2379 |   2 | 1342.5 |
               +--------+--------+--------+--------+--------+-----+--------+

Top non-repeatable levels by time:
     D:2: 1418 daAuts
     D:1: 1266 daAuts
